cohdb
Replays
Latest Replays
All Replays
Popular Replays
Top Player Replays
Match Explorer
How It Works
Community
CoH3 Stats
Reddit
Sign in to upload your games and track your stats! →
Sign in with Steam
Match 43948594
Unlisted
Match 43948594
Overview
Messages
Build Orders
End
Construct Weapon Support Center
M1919 Machine Gun Team
Bazooka Squad
Selects Heavy Weapons
Sniper
M1919 Machine Gun Team
Mechanized Support Center
Selects M2HB .50cal Heavy Machine Gun
M3 Armored Personnel Carrier
Bazooka Squad
Construct Tank Depot
Sniper
Engineer Squad
Bazooka Squad
M4A1 Sherman Medium Tank
Selects Assault Carriers
Selects Halftrack Strongpoints
Designate Forward Repair Station
M4A1 Sherman Medium Tank
Scout Squad
Improvised Armor
M4A1 76mm Conversion
Engineer Squad
Designate Forward Repair Station
Improved M9 Bazooka Rockets
Scout Squad
Selects M26 Pershing Heavy Tank
M26 Pershing Heavy Tank
Designate Forward Repair Station
Rapid Repairs
Macho Man Randy Savage
Crakzor
Aquiles
ElakeFisk
viktor
HolmViking
General Rommel
Guy Who Smoked Crack With Obama
0
0
Comments
sign in to comment!
No comments posted yet!